 Dungeon Crawl Stone Soup version 0.29.1-2-gbd0b4ee654 (webtiles) character file.

Game seed: 14441818992585215351

5 pndrake the Sneak (level 1, 0/11 HPs)
             Began as an Octopode Fire Elementalist on Oct 30, 2022.
             Succumbed to a kobold's poison
             ... on level 1 of the Dungeon.
             The game lasted 00:07:31 (487 turns).

pndrake the Sneak (Octopode Fire Elementalist)       Turns: 487, Time: 00:07:32

Health: 0/11       AC:  1    Str:  7    XL:     1   Next: 80%
Magic:  2/3        EV: 13    Int: 17    God:
Gold:   34         SH:  0    Dex: 12    Spells: 3/4 levels left

rFire   . . .      SeeInvis .   (no weapon)
rCold   . . .      Faith    .   (no shield)
rNeg    . . .      Spirit   .   (helmet restricted)
rPois   .          Reflect  .   (no amulet)
rElec   .          Harm     .   (no ring)
rCorr   .          Rampage  .   (no ring)
Will    .....                   (no ring)
Stlth   +++.......              (no ring)
HPRegen 0.03/turn               (no ring)
MPRegen 0.08/turn               (no ring)
                                (no ring)
                                (no ring)

@: lethally poisoned (0 -> -6)
A: almost no armour, amphibious, 8 rings, camouflage 1, gelatinous body 1,
(nimble swimmer 1), tentacles
a: no special abilities


You were on level 1 of the Dungeon.
You visited 1 branch of the dungeon, and saw 1 of its levels.

You collected 34 gold pieces.

Inventory:

Jewellery
 b - an amulet of the acrobat
Scrolls
 c - a scroll of enchant armour {unknown}
Potions
 a - a potion of magic


   Skills:
 + Level 2.0 Dodging
 + Level 3.1 Stealth
 + Level 2.1 Spellcasting
 + Level 1.0 Conjurations
 + Level 3.1 Fire Magic


You had 3 spell levels left.
You knew the following spells:

 Your Spells              Type           Power      Damage    Failure   Level
a - Foxfire               Conj/Fire      32%        2x1d5     9%          1

Your spell library contained the following spells:

 Spells                   Type           Power      Damage    Failure   Level
 Scorch                   Fire           24%        2d6       9%          2
 Conjure Flame            Conj/Fire      8%         6-21      26%         3
 Inner Flame              Hex/Fire       7%         N/A       30%         3
 Flame Wave               Conj/Fire      8%         2d5       63%         4


Dungeon Overview and Level Annotations

Branches:
Dungeon (1/15)

Altars:


Innate Abilities, Weirdness & Mutations

You cannot wear most types of armour.
You are amphibious.
You can wear up to eight rings at the same time.
Your skin changes colour to match your surroundings (Stealth+).
Your rubbery body absorbs attacks. (AC +1, EV +1)
((You are camouflaged when in or above water. (Stealth+)))
You have tentacles for arms and can constrict up to eight enemies at once.


Message History

There's nothing to open nearby.
There's nothing to open nearby.
There's nothing to open nearby.
There's nothing to open nearby.
(D) Dungeon
Where to? (Enter - D:1 @ (x,y), ? - help)
Okay, then.
Unknown command.
You open the door.
There is an open door here.
An endoplasm comes into view.
A kobold comes into view. It is wielding a +1 dagger of venom.
Found a scroll labelled PUOMAFINKU.
Casting: Foxfire (safe; 9% risk of failure)
Confirm with . or Enter, or press ? or * to list all spells.
You conjure some foxfire!
The foxfire hits the endoplasm.
The endoplasm is severely wounded.
The endoplasm quivers.
The foxfire hits the endoplasm.
You kill the endoplasm!
The helpless kobold fails to defend itself.
You tentacle-slap the kobold but do no damage.
Your grab misses the kobold. Your squeeze misses the kobold.
The kobold hits you with a +1 dagger of venom.
You are lethally poisoned!
You tentacle-slap the kobold but do no damage.
Your grab misses the kobold.
You feel very sick. The kobold misses you.
You closely miss the kobold. You grab the kobold.
You constrict the kobold, but do no damage.
* * * LOW HITPOINT WARNING * * *
You feel sick. The kobold barely misses you.
You tentacle-slap the kobold but do no damage.
You constrict the kobold, but do no damage.
* * * LOW HITPOINT WARNING * * *
You feel sick. The kobold barely misses you.
You release your grip on the kobold.
You die...

#.# #........##
#.#####.#####...#####
#.##....# #)........
#.##.##.# ##...#####
#.......# ##.## #
####.#### #.# # #.#
#.# # ###.##### ##'##
# #K.@....# ##...## #
#?#..###.###.....##
#. ##.# ##.......##
#. ##. #.........# ..
.. +.........+ ## .##
#.........# ##
##.......## ##.....##
##...##


You could see a kobold.

Vanquished Creatures
  A bat (D:1)
  An endoplasm (D:1)
  A hobgoblin (D:1)
  A kobold (D:1)
4 creatures vanquished.

Vanquished Creatures (others)
  A foxfire (D:1)
1 creature vanquished.

Grand Total: 5 creatures vanquished

Notes
Turn   | Place    | Note
-------+----------+-------------------------------------------
     0 | D:1      | pndrake the Octopode Fire Elementalist began the quest for
                  | the Orb.
     0 | D:1      | Reached XP level 1. HP: 11/11 MP: 3/3
   487 | D:1      | Succumbed to a kobold's poison

Illustrated notes

Levels and vault maps discovered:
D:1:      amcnicky_arrival_feature_with_door, layout_loops_corners,
          minmay_vboxes

Skill      XL: |  1 |
---------------+----+-----
Stealth        | 3 |  3.1
Dodging        | |  2.0
Spellcasting   | |  2.1
Conjurations   | |  1.0
Fire Magic     | |  3.1

Action                   || total
-------------------------++-------
Melee: Unarmed           ||     9
       Constrict         ||     3
       Tentacles         ||     2
 Cast: Foxfire           ||     3
 Stab: Sleeping          ||     2
Armor: Skin              ||     1
Dodge: Dodged            ||     6
